AoeStats
← Random

Arena

507834730Analyzed
4v4 RM · 12d ago on Sep 19, 2026· 32m 40s· 8 players
Game mode
Random Map
Map size
Large (8 player)
Population
200
Speed
Normal
Resources
Standard
Victory
Conquest
Starting age
Dark Age
Ending age
Imperial Age
RankedLock teamsTeams togetherTeam positionsShared explorationLock speedFull tech treeHidden civsTurbo modeCheats
Victory
Defeat
🇲🇽 Burgundians · Mexico
1791
+8
🇲🇽 Mongols · Mexico
1771
+9
🇨🇴 Portuguese · Colombia
1548
+16
🇨🇳 Chinese · China
1502
+18
🇲🇽 Maya · Mexico
1643
-15
🇺🇸 Huns · United States
1588
-13
🇨🇳 Franks · China
1563
-12
🇭🇺 Hindustanis · Hungary
1538
-11
IamAlPTremo
0:29 Loom
10:44 Feudal Age
14:31 Castle Age
12:46 Double-Bit Axe
15:25 Bow Saw
17:04 Fletching
23:38 Bodkin Arrow
30:00 Gold Mining
29:56 Horse Collar
32:04 Wheelbarrow
31:52 Padded Archer Armor
Random
11:07 Feudal Age
14:44 Castle Age
12:47 Horse Collar
13:04 Double-Bit Axe
15:55 Bow Saw
19:46 Scale Barding Armor
20:35 Forging
20:36 Heavy Plow
21:47 Gold Mining
22:17 Bloodlines
27:58 Wheelbarrow
27:09 Town Watch
29:38 Hand Cart
29:09 Loom
29:25 Town Patrol
32:43 Imperial Age
31:41 Chain Barding Armor
31:57 Iron Casting
31:23 Husbandry
huninter
10:57 Feudal Age
12:11 Double-Bit Axe
14:33 Castle Age
12:26 Horse Collar
15:49 Bow Saw
20:49 Wheelbarrow
21:58 Hand Cart
25:47 Loom
30:13 Imperial Age
28:23 Grand Trunk Road
28:26 Scale Mail Armor
28:36 Forging
28:31 Gold Mining
29:25 Chain Mail Armor
29:12 Squires
28:58 Arson
31:22 Conscription
30:25 Elite Ghulam
31:43 Iron Casting
33:28 Blast Furnace
great soup
10:41 Feudal Age
11:49 Feudal Age
12:40 Double-Bit Axe
15:45 Castle Age
16:55 Bow Saw
17:26 Wheelbarrow
22:40 Loom
24:19 Fletching
27:59 Forging
28:14 Bodkin Arrow
28:07 Light Cavalry
Ux'LobodeLaNieve
3:45 Double-Bit Axe
8:14 Horse Collar
11:16 Feudal Age
15:18 Castle Age
13:42 Heavy Plow
14:21 Bow Saw
17:53 Two-Man Saw
18:34 Loom
23:45 Wheelbarrow
24:38 Hand Cart
24:14 Town Watch
30:11 Imperial Age
27:41 Stone Mining
27:41 Gold Mining
28:22 Crop Rotation
29:33 Ballistics
29:04 Fletching
29:15 Padded Archer Armor
29:02 Pikeman
29:43 Squires
29:28 Arson
29:40 Bodkin Arrow
30:44 Gold Shaft Mining
30:44 Stone Shaft Mining
31:56 Chemistry
31:06 Bracer
32:27 Leather Archer Armor
eL|Hooligan
10:14 Feudal Age
11:08 Double-Bit Axe
13:58 Castle Age
12:18 Double-Bit Axe
12:13 Horse Collar
14:42 Wheelbarrow
14:56 Bow Saw
15:20 Heavy Plow
21:01 Loom
22:05 Gold Mining
22:24 Stone Mining
23:59 Hand Cart
24:21 Gold Shaft Mining
24:22 Stone Shaft Mining
24:27 Town Watch
28:29 Imperial Age
26:01 Fletching
27:00 Bodkin Arrow
27:35 Ballistics
27:49 Padded Archer Armor
27:58 Husbandry
28:09 Bloodlines
29:15 Leather Archer Armor
29:39 Conscription
29:46 Bracer
30:47 Chemistry
30:44 Elite Mangudai
JOLIAT
10:11 Feudal Age
14:13 Castle Age
12:36 Double-Bit Axe
13:09 Horse Collar
15:36 Bow Saw
16:18 Wheelbarrow
16:28 Loom
22:11 Bloodlines
22:41 Scale Barding Armor
22:52 Town Watch
25:06 Chain Barding Armor
25:25 Sanctity
25:18 Forging
26:59 Iron Casting
27:11 Husbandry
30:41 Gold Mining
34:32 Imperial Age
我是你巴巴
0:30 Loom
10:46 Feudal Age
14:56 Castle Age
13:13 Horse Collar
13:55 Double-Bit Axe
15:57 Bow Saw
16:06 Heavy Plow
19:56 Squires
20:11 Scale Mail Armor
20:46 Town Watch
22:55 Squires
25:02 Wheelbarrow
29:12 Hand Cart
32:11 Imperial Age
30:11 Chain Mail Armor
29:51 Gold Mining
31:16 Forging
31:13 Arson
32:50 Iron Casting
32:21 Elite Fire Lancer
33:36 Conscription
Connection lost

Rejoining the realm…

Still unreachable

The connection could not be restored.

Session expired

The server has moved on; the page needs a fresh start.